Map: Automaton LE

Players

Wes

  • Race: Terran Terran
  • Spawn Location: 9:00

Mesrob - Winner!

  • Race: Zerg Zerg
  • League: Platinum
  • Spawn Location: 3:00

VOD

Have the link to the VOD?

Description

Time

  • Played on: April 6, 2019, 2:09 p.m.
  • Length: 8:20
Show
View Real Time Build Order
Export as new Build Order

Wes Terran 

Build Orders:  

Get SALT Encoding   

  12  0:03  SCV  
  13  0:15  SCV  
  14  0:24  Supply Depot  
  14  0:27  SCV  
  15  0:45  SCV  
  15  0:48  Barracks  
  16  0:53  Refinery  
  16  0:57  SCV  
  17  1:09  SCV  
  18  1:21  SCV  
  18  1:25  Supply Depot  
  19  1:42  Reaper  
  20  1:49  SCV  
  20  1:53  Refinery  
  21  2:01  SCV  
  22  2:13  SCV  
  22  2:14  Reaper  
  24  2:25  SCV  
  25  2:37  SCV  
  25  2:40  Barracks  
  26  3:30  Barracks Reactor, Bunker  
  26  3:33  Reaper  
  27  3:58  Command Center  
  27  4:03  Factory  
  27  4:04  SCV  
  27  4:05  Reaper  
  27  4:09  Reaper x2  
  31  4:42  Reaper  
  30  5:01  Supply Depot  
  30  5:06  Reaper  
  31  5:10  Reaper  
  32  5:25  Supply Depot  
  31  5:45  Reaper x2  
  31  5:48  Supply Depot  
  33  6:15  SCV  
  34  6:19  Orbital Command  
  34  6:22  Hellion  
  36  6:27  SCV  
  35  6:39  SCV  
  34  6:44  Hellion  
  35  6:51  SCV  
  33  7:03  SCV  
  33  7:05  Hellion  
  33  7:06  Refinery  
  35  7:10  Refinery  
  35  7:11  Marine  
  37  7:15  SCV  
  37  7:27  SCV  
  37  7:29  Marine  
  39  7:39  SCV  
  39  7:47  Marine  
  39  7:48  Factory Tech Lab  
  40  7:52  SCV  
  41  8:04  SCV  
Show
View Real Time Build Order
Export as new Build Order

Mesrob Zerg - Winner!

Build Orders: Hatch First 

Get SALT Encoding   

  12  0:08  Drone  
  12  0:13  Overlord  
  13  0:23  Drone  
  14  0:36  Drone x2  
  16  0:47  Drone  
  17  1:01  Hatchery  
  16  1:16  Spawning Pool  
  15  1:19  Drone  
  15  1:20  Drone  
  15  1:21  Drone  
  18  1:38  Drone  
  19  1:46  Extractor  
  18  1:51  Overlord  
  18  2:02  Drone  
  19  2:09  Queen  
  21  2:17  Drone x3  
  24  2:24  Queen  
  26  2:36  Drone  
  27  2:38  Drone  
  27  2:43  Drone x2  
  29  3:20  Queen  
  29  3:23  Zergling x6  
  34  3:30  Overlord x2  
  34  3:31  Drone x2  
  36  3:55  Metabolic Boost  
  36  4:12  Evolution Chamber  
  36  4:15  Evolution Chamber  
  32  4:31  Roach Warren  
  28  4:56  Spine Crawler  
  27  5:08  Zergling x2  
  27  5:09  Zergling x12  
  34  5:15  Drone  
  34  5:16  Drone x3  
  33  5:57  Roach x3  
  28  6:12  Roach x3  
  28  6:13  Roach x3  
  37  6:46  Drone  
  37  6:47  Drone x4  
  35  7:50  Hatchery  
  34  7:58  Zergling x2  
  34  7:59  Zergling x6  
  34  8:00  Zergling x4, Roach x5  
  34  8:01  Zergling x4  
Tags
 
League
Platinum
Matchup
TvZ
Replay Pack
sc2 replays
Spawn Locations
Cross Positions
Add a new tag
Caveats
  • Supply blocks, unpowered buildings, or Contaminate may cause inaccurate times.
  • Supply counts are checked every 10 seconds.